cohdb
Replays
Latest Replays
All Replays
Popular Replays
Top Player Replays
Match Explorer
How It Works
Community
CoH3 Stats
Reddit
Sign in to upload your games and track your stats! →
Sign in with Steam
Match 42636034
Unlisted
Match 42636034
Overview
Messages
Build Orders
End
Selects Italian Combined Arms Battlegroup
Selects Bersaglieri Squad
Bersaglieri Squad
250 Light Carrier
Bersaglieri Squad
Bersaglieri Squad
Construct Light Support Kompanie
MG34 Team
Construct Mechanized Kompanie
Selects Bersaglieri Bolster
Marder III Tank Destroyer
Selects Breda Model 30 Light Machine Guns
Bersaglieri Squad
Selects Semovente da 75/18 Assault Gun
AI Takeover
Brujoga10
火蔷薇十字弓队
이공수
Narco
Manganu
Filthy_Westerner
AltekHyper(FR)
Jd577
0
0
Comments
sign in to comment!
No comments posted yet!